 Dungeon Crawl Stone Soup version 0.28.0 (webtiles) character file.

Game seed: 12776429924493109222

24 Colgate the Caller (level 2, -1/11 HPs)
             Began as a Felid Summoner on Feb 11, 2022.
             Slain by a goblin (3 damage)
             ... led by Robin
             ... on level 2 of the Dungeon.
             The game lasted 00:04:45 (936 turns).

Colgate the Caller (Felid Summoner)                  Turns: 936, Time: 00:04:45

Health: -1/11      AC:  1    Str:  4    XL:     2   Next: 79%
Magic:  0/6        EV: 17    Int: 16    God:
Gold:   16         SH:  0    Dex: 16    Spells: 2/5 levels left
                                        Lives:  0   Deaths: 0

rFire   . . .      SeeInvis +   (weapon unavailable)
rCold   . . .      Faith    .   (shield unavailable)
rNeg    . . .      Spirit   .   (armour unavailable)
rPois   .          Reflect  .   (helmet unavailable)
rElec   .          Harm     .   (cloak unavailable)
rCorr   .          Rampage  .   (gloves unavailable)
Will    .....                   (boots unavailable)
Stlth   ++........              (no amulet)
HPRegen 0.03/turn               (no ring)
MPRegen 0.10/turn               (no ring)

@: quick
A: very small, claws 1, fangs 3, see invisible, speed 1, shaggy fur 1, stealthy
paws, no weapons or thrown items, no armour, multi-lived
a: no special abilities


You were on level 2 of the Dungeon.
You visited 1 branch of the dungeon, and saw 2 of its levels.

You collected 16 gold pieces.

Inventory:

Scrolls
 a - a scroll of teleportation
 d - a scroll of enchant weapon {unknown}
Potions
 b - a potion of flight {unknown}
 c - a potion of invisibility {unknown}


   Skills:
 - Level 2.6 Dodging
 - Level 2.6 Stealth
 - Level 2.0 Spellcasting
 + Level 4.9 Summonings


You had 2 spell levels left.
You knew the following spells:

 Your Spells              Type           Power      Damage    Failure   Level
a - Summon Small Mammal   Summ           68%        N/A       2%          1
b - Call Imp              Summ           17%        N/A       4%          2

Your spell library contained the following spells:

 Spells                   Type           Power      Damage    Failure   Level
 Call Canine Familiar     Summ           17%        N/A       9%          3
 Summon Guardian Golem    Hex/Summ       9%         N/A       22%         3
 Summon Lightning Spire   Summ/Air       9%         N/A       58%         4


Dungeon Overview and Level Annotations

Branches:
Dungeon (2/15)

Altars:

Annotations:
D:2 Robin


Innate Abilities, Weirdness & Mutations

You have sharp claws.
You have razor-sharp teeth.
You have supernaturally acute eyesight. (SInv)
You cover ground quickly. (Speed+)
You are covered in fur. (AC +1)
Your paws help you pounce on unaware monsters.
You are incapable of wielding weapons or throwing items.
You cannot wear armour.
You gain extra lives every three experience levels.


Message History

The giant cockroach waves its antennae.
A goblin comes into view. It is wielding a +0 club.
A goblin comes into view. It is wielding a +0 dagger.
Robin, 3 goblins and a hobgoblin come into view.
Found 11 gold pieces.
The goblin shouts! x2; The hobgoblin shouts!
You hear a shout!
The goblin shouts!
You hear a shout! 2 goblins, a hobgoblin and a bat come into view.
Robin roars a battlecry!
The goblins go into a battle-frenzy!
A goblin comes into view. It is wielding a +0 dagger.
The hobgoblin shouts!
The goblin shouts!
You hear a shout! 2 hobgoblins come into view.
Robin throws the goblin at you! The goblin hits you with a +0 dagger.
Found a stone staircase leading down.
The goblin shouts!
The goblin misses you.
Robin says, "My army is invincible!"
The goblin unwields a +0 dagger.
The goblin wields a +0 hunting sling.
The goblin shoots a stone.
The stone barely misses you. The goblin misses you.
Robin throws the goblin at you! The goblin misses you.
The giant cockroach bites you.
* * * LOW HITPOINT WARNING * * *
You scratch the goblin.
The goblin is severely wounded.
The goblin closely misses you.
The goblin unwields a +0 hunting sling.
The goblin wields a +0 dagger.
The goblin closely misses you.
A ball python comes into view.
The giant cockroach misses you. Robin throws the goblin at you!
The goblin misses you. The goblin closely misses you.
Casting: Call Imp (safe; 4% risk of failure)
Confirm with . or Enter, or press ? or * to list all spells.
A beastly little devil appears in a puff of flame.
The ball python hisses angrily.
The goblin closely misses you. The goblin barely misses you.
The goblin hits you with a +0 dagger.
* * * LOW HITPOINT WARNING * * *
The giant cockroach closely misses you. The goblin barely misses you.
The goblin hits you with a +0 dagger.
You die...

#......# #..##
#5#####...##..#
##.# #####..#
### ##5.# #..#
...####..## ...
........## #.
##....#5### #.
#####.#g#g# #.
..S...gB@g# #.
#. ..#..gggg.# .
#.. #.
.....g#g###
.8#.. #.#
.......b. ....
... #..
......gg.. .....
#.###.
........$.# ..#.
#.....
..........>
#...# ##.... .
....###...#
#..####....
.....
.#..##..>.##....


You could see Robin, a giant cockroach, 3 hobgoblins, 8 goblins, a bat, a ball
python and a friendly crimson imp (summoned).

Vanquished Creatures (collateral kills)
  2 bats (D:1)
  An endoplasm (D:1)
  6 goblins (D:1)
  3 kobolds (D:1)
  A ball python (D:1)
  9 frilled lizards (D:1)
  2 rats (D:1)
24 creatures vanquished.

Vanquished Creatures (others)
  6 plants (D:1)
6 creatures vanquished.

Grand Total: 30 creatures vanquished

Notes
Turn   | Place    | Note
-------+----------+-------------------------------------------
     0 | D:1      | Colgate the Felid Summoner began the quest for the Orb.
     0 | D:1      | Reached XP level 1. HP: 7/7 MP: 4/4
   170 | D:1      | Reached XP level 2. HP: 11/11 MP: 1/6
   173 | D:1      | Learned a level 2 spell: Call Imp
   313 | D:1      | Found a faded altar of an unknown god.
   930 | D:2      | Noticed Robin
   936 | D:2      | Slain by a goblin

Illustrated notes

Levels and vault maps discovered:
D:1:      dpeg_arrival_short_road, layout_rooms, ebering_ecumenical_altar_mist,
          minmay_lizard_king
D:2:      kennysheep_the_goblin_king, layout_rooms, uniq_robin, uniq_natasha

Action                   || total
-------------------------++-------
Melee: Unarmed           ||     1
 Cast: Summon Small Mamm ||    10
       Call Imp          ||    17
  Use: Scroll            ||     1
Armor: Skin              ||     7
Dodge: Dodged            ||    23
